 Dungeon Crawl Stone Soup version 0.16-a0-2363-g19e4ded (webtiles) character file.

91 Ratboiler the Gusty (level 4, -1/24 HPs)
             Began as a Tengu Air Elementalist on Nov 17, 2014.
             Killed from afar by Terence (9 damage)
             ... with a wand of flame
             ... on level 3 of the Dungeon.
             The game lasted 00:07:42 (2671 turns).

Ratboiler the Gusty (Tengu Air Elementalist)        Turns: 2671, Time: 00:07:42

Health: -1/24      AC:  2    Str:  9    XL:     4   Next: 59%
Magic:  8/8        EV: 13    Int: 15    God:
Gold:   92         SH:  0    Dex: 18    Spells: 3 memorised, 1 level left

rFire  . . .     SeeInvis .     g - +0 short sword
rCold  . . .     Clarity  .     a - +0 robe
rNeg   . . .     SustAb   .     (no shield)
rPois  .         Gourm    .     (helmet restricted)
rElec  .         Spirit   .     (no cloak)
rCorr  .         Warding  .     (no gloves)
rMut   .         Stasis   .     (boots unavailable)
MR     .....                    (no amulet)
Stlth  +++.......               i - ring of stealth
                                l - +3 ring of dexterity

@: not resistant to hostile enchantments, fairly stealthy
A: beak, talons 3
a: no special abilities


You were on level 3 of the Dungeon.
You were not hungry.

You visited 1 branch of the dungeon, and saw 3 of its levels.

You collected 92 gold pieces.

Inventory:

Hand weapons
 g - a +0 short sword (weapon)
Missiles
 n - 8 exploding sling bullets
Armour
 a - a +0 robe (worn)
Jewellery
 i - a ring of stealth (right hand)
 l - a +3 ring of dexterity (left hand)
Scrolls
 d - a scroll of remove curse {unknown}
 m - a scroll of identify {unknown}
 o - a scroll of amnesia {unknown}
Potions
 e - a potion of heal wounds {unknown}
 p - a potion of mutation {unknown}
 q - a potion of resistance {unknown}
Books
 b - a book of Air

   Spells                             Type                      Level
   *Shock                             Conjuration/Air              1
   *Swiftness                         Charms/Air                   2
   Repel Missiles                     Charms/Air                   2
   Flight                             Charms/Air                   3
   *Static Discharge                  Conjuration/Air              3
   Lightning Bolt                     Conjuration/Air              5
Comestibles
 c - 2 bread rations
 f - a fruit
 h - a meat ration
 j - a slice of pizza


   Skills:
 - Level 2.1 Dodging
 - Level 2.0 Stealth
 - Level 2.0 Spellcasting
 - Level 3.1 Conjurations
 + Level 6.2 Air Magic


You had one spell level left.
You knew the following spells:

 Your Spells              Type           Power        Failure   Level  Hunger
a - Shock                 Conj/Air       ###.         3%          1    #......
b - Swiftness             Chrm/Air       ##......     12%         2    ###....
c - Static Discharge      Conj/Air       ###.....     12%         3    ###....


Dungeon Overview and Level Annotations

Branches:
Dungeon (3/15)

Altars:

Annotations:
D:3 Terence


Innate Abilities, Weirdness & Mutations

You have a beak for a mouth.
You have claws for feet.


Message History

There is an open door here.
You are feeling hungry.
Eat which item? (? for menu, Esc to quit)
Mmmm...
Yummy apricot.
You open the door.
Terence the Incautious comes into view.
He is wielding a falchion.
You hear the rusting of a distant drain.
Terence is too close now for your liking.
Casting: Shock
Confirm with . or Enter, or press ? or * to list all spells.
Aiming: Shock
Press: ? - help, Shift-Dir - straight line, f - Terence
Aim: Terence, wielding a falchion and wearing a glowing chain mail(resting)
The zap hits Terence.
Terence appears unharmed.
Terence shouts!
Terence shouts, "ATTACK!!!"
Terence zaps a wand.
The puff of flame hits you!
It is a wand of flame.
Terence zaps a wand.
The puff of flame hits you!
Terence zaps a wand.
The puff of flame hits you!
You die...

▒·>····%·····▒▒▒·
▒▒▒·····%··········
···▒▒▒▒▒············ ···▒
▒▒····[······ · ···▒▒▒▒
▒·▒▒▒▒▒▒···· ··· ······▒
▒·▒▒▒▒▒▒▒▒ ▒▒▒▒ ····
▒·····▒▒▒·········· ··▒▒·····
▒·····▒▒······▒▒▒▒▒▒▒▒▒▒····▒
▒······▒········@·····@·····▒
▒▒▒····▒·<·····▒▒▒▒▒▒▒▒▒····▒
▒····▒········▒▒▒▒▒▒▒▒····▒▒
▒▒▒····▒▒▒▒▒'▒·········'·····▒
·······▒ ▒·▒··▒▒▒▒▒▒▒▒@··▒▒▒
▒▒▒····▒ ▒·▒··▒ ▒···▒ ▒▒▒◼▒▒
▒·▒··▒ ▒····▒ ▒▒▒▒▒·▒··▒
▒····▒ ▒ ▒········▒ ▒·· ▒


You could see Terence.

Vanquished Creatures
  6 adders
  A giant gecko (D:2)
  2 giant cockroaches (D:2)
  2 goblins (D:2)
  5 hobgoblins
  5 jackals
  5 kobolds
  A quokka (D:2)
  3 bats (D:2)
  3 giant newts
  6 rats
39 creatures vanquished.

Notes
Turn   | Place    | Note
--------------------------------------------------------------
     0 | D:1      | Ratboiler, the Tengu Air Elementalist, began the quest for the Orb.
     0 | D:1      | Reached XP level 1. HP: 10/10 MP: 3/3
   653 | D:1      | Reached XP level 2. HP: 15/15 MP: 1/5
   657 | D:1      | Learned a level 2 spell: Swiftness
  1082 | D:2      | Reached XP level 3. HP: 19/19 MP: 0/7
  1251 | D:2      | Learned a level 3 spell: Static Discharge
  1291 | D:2      | Reached skill level 5 in Air Magic
  1751 | D:2      | Reached XP level 4. HP: 13/24 MP: 6/8
  2498 | D:3      | Reached skill level 6 in Air Magic
  2644 | D:3      | Noticed Terence
  2671 | D:3      | Killed from afar by Terence

Action                   |  1- 3 |  4- 6 || total
-------------------------+-------+-------++-------
Melee: Unarmed           |     6 |       ||     6
       Short sword       |    22 |    22 ||    44
 Cast: Shock             |    51 |    32 ||    83
       Static Discharge  |       |     4 ||     4
 Stab: Distracted        |       |     1 ||     1
  Eat: Chunk             |     3 |     3 ||     6
       Fruit             |       |     2 ||     2
